Map: Proxima Station LE

Players

FLORENCIO - Winner!

  • Race: Protoss Protoss
  • League: Diamond
  • Spawn Location: 1:00

FrostGt

  • Race: Terran Terran
  • League: Diamond
  • Spawn Location: 7:00

VOD

Have the link to the VOD?

Description

Time

  • Played on: May 17, 2017, 10:38 p.m.
  • Length: 10:43
Show
View Real Time Build Order
Export as new Build Order

FLORENCIO Protoss - Winner!

Build Orders:  

Get SALT Encoding   

  12  0:00  Probe (Chrono Boost)  
  14  0:14  Probe (Chrono Boost)  
  14  0:19  Pylon  
  14  0:31  Assimilator  
  14  0:32  Probe (Chrono Boost)  
  15  0:42  Probe (Chrono Boost)  
  16  0:44  Pylon  
  16  0:58  Probe (Chrono Boost)  
  17  1:07  Gateway  
  17  1:11  Gateway  
  17  1:19  Pylon  
  17  1:26  Probe (Chrono Boost)  
  18  1:55  Nexus  
  18  1:58  Pylon  
  18  2:05  Cybernetics Core  
  18  2:06  Probe (Chrono Boost)  
  19  2:18  Gateway  
  19  2:27  Pylon  
  21  2:41  Pylon  
  19  2:52  Gateway  
  19  2:56  Gateway  
  19  3:08  Pylon, Mothership Core (Chrono Boost)  
  21  3:18  Gateway  
  21  3:26  Pylon  
  22  3:46  Stalker  
  22  3:48  Adept  
  24  3:55  Probe (Chrono Boost)  
  25  4:06  Pylon  
  25  4:07  Stalker  
  27  4:13  Mothership Core (Chrono Boost)  
  27  4:15  Adept  
  29  4:20  Stalker  
  28  4:42  Stalker  
  30  4:53  Zealot  
  26  5:10  Probe (Chrono Boost)  
  27  5:17  Stalker  
  29  5:24  Probe (Chrono Boost)  
  29  5:26  Pylon  
  30  5:28  Pylon  
  25  5:46  Stalker  
  25  5:47  Stalker  
  29  6:02  Pylon  
  29  6:03  Pylon  
  29  6:14  Mothership Core (Chrono Boost)  
  29  6:16  Stalker  
  27  6:37  Pylon  
  27  6:38  Pylon  
  24  6:43  Zealot  
  25  6:59  Mothership Core (Chrono Boost)  
  26  7:19  Probe (Chrono Boost)  
  28  7:31  Pylon, Probe (Chrono Boost)  
  28  7:32  Pylon  
  28  7:34  Pylon  
  28  7:42  Pylon  
  28  7:43  Pylon  
  27  7:53  Zealot  
  27  7:56  Zealot  
  27  8:09  Pylon  
  27  8:13  Stalker  
  27  8:15  Pylon  
  27  8:19  Pylon  
  27  8:22  Stalker  
  31  8:40  Pylon  
  27  8:49  Stalker  
  29  9:02  Mothership Core (Chrono Boost)  
  26  9:15  Stalker  
  26  9:20  Probe (Chrono Boost)  
  27  9:25  Stalker  
  27  9:32  Stalker  
  27  9:33  Pylon  
  27  9:36  Pylon  
Show
View Real Time Build Order
Export as new Build Order

FrostGt Terran 

Build Orders:  

Get SALT Encoding   

  12  0:00  SCV  
  13  0:13  SCV  
  14  0:17  Supply Depot  
  14  0:26  SCV  
  15  0:34  Refinery  
  15  0:39  SCV  
  16  0:47  Barracks  
  16  0:51  SCV  
  17  1:05  SCV  
  18  1:21  SCV  
  19  1:33  SCV  
  19  1:34  Marine  
  21  1:40  Bunker  
  21  1:45  Supply Depot  
  21  1:50  Orbital Command  
  21  1:52  Marine  
  22  2:09  Supply Depot x2  
  22  2:10  Marine  
  23  2:16  SCV  
  23  2:19  Refinery  
  24  2:23  Factory  
  24  2:28  SCV  
  25  2:40  Marine, SCV  
  27  2:52  SCV  
  28  3:02  Marine  
  28  3:05  SCV  
  30  3:17  SCV  
  31  3:20  Marine  
  32  3:27  Cyclone  
  32  3:29  SCV  
  31  3:41  Marine, SCV  
  25  3:51  Engineering Bay  
  25  3:53  SCV  
  26  3:59  Starport, Marine  
  26  4:05  SCV  
  27  4:13  Cyclone  
  30  4:17  SCV  
  29  4:29  SCV  
  25  4:41  SCV  
  19  4:48  Marine  
  13  4:53  SCV  
  14  5:05  SCV  
  15  5:18  SCV  
  19  5:28  Cyclone  
  19  5:29  Marine  
  17  5:38  SCV  
  16  5:50  SCV  
  16  6:03  SCV  
  17  6:15  Cyclone, SCV  
  19  6:27  SCV  
  20  6:39  SCV  
  19  6:51  SCV  
  19  7:03  SCV  
  20  7:15  SCV  
  18  7:18  Marine  
  19  7:27  SCV  
  20  7:36  Marine  
  21  7:39  SCV  
  22  7:51  SCV  
  19  8:00  Marine  
  19  8:04  SCV  
  21  8:11  Cyclone  
  24  8:16  SCV  
  25  8:21  Marine  
  26  8:28  SCV  
  19  8:40  SCV  
  12  8:52  SCV  
  11  9:00  Marine  
  11  9:04  SCV  
  11  9:16  SCV  
  12  9:18  Marine  
  13  9:28  SCV  
  12  9:40  SCV  
  11  10:23  SCV  
Tags
 
Add a new tag
Caveats
  • Supply blocks, unpowered buildings, or Contaminate may cause inaccurate times.
  • Supply counts are checked every 10 seconds.